 Dungeon Crawl Stone Soup version 0.29.1-15-g9cfb28693d (webtiles) character file.

Game seed: 9080757089092581082

7536 Eitelfritz the Severer (level 11, 0/89 HPs)
             Began as a Hill Orc Fighter on Apr 15, 2023.
             Was a Follower of Hepliaklqana.
             Slain by a nine-headed hydra (11 damage)
             ... on level 7 of the Dungeon.
             The game lasted 00:15:13 (6928 turns).

Eitelfritz the Severer (Hill Orc Fighter)           Turns: 6928, Time: 00:15:14

Health: 0/89       AC: 12    Str: 24    XL:     11   Next: 16%
Magic:  15/15      EV: 10    Int:  8    God:    Hepliaklqana [*.....]
Gold:   915        SH:  5    Dex: 10    Spells: 10/10 levels left

rFire   . . .      SeeInvis +   a - +8 mithril axe "Arga" {speed, Will+}
rCold   + . .      Faith    .   c - +0 buckler
rNeg    + . .      Spirit   .   w - +0 scale mail {rPois}
rPois   +          Reflect  .   (no helmet)
rElec   .          Harm     .   m - +0 cloak
rCorr   .          Rampage  .   i - +2 pair of gloves
Will    +....                   (no boots)
Stlth   ..........              n - amulet "Hoifoat" {Acrobat rC+ SInv}
HPRegen 0.24/turn               D - ring of positive energy
MPRegen 0.14/turn               (no ring)

@: mighty, hasted, very quick
A: reduced essence
a: Renounce Religion, Recall Ancestor, Ancestor Identity


You were on level 7 of the Dungeon.
You worshipped Hepliaklqana.
Hepliaklqana was aware of your devotion.
You visited 2 branches of the dungeon, and saw 8 of its levels.

You collected 915 gold pieces.

Inventory:

Hand Weapons
 a - the +8 mithril axe "Arga" (weapon) {speed, Will+}
   (You acquired it on level 3 of the Dungeon)

   Attacks with this weapon are significantly faster.
   Will:      It increases your willpower.
 b - a +0 sling
 e - a +1 war axe
 g - a +1 flail of protection
Missiles
 p - 6 atropa-tipped darts (quivered)
 y - 17 poisoned darts
 I - 2 throwing nets
Armour
 c - a +0 buckler (worn)
 i - a +2 pair of gloves (worn)
 m - a +0 cloak (worn)
 w - a +0 scale mail of poison resistance (worn)
 F - +0 steam dragon scales
Jewellery
 f - an amulet of magic regeneration
 k - a ring of ice
 n - the amulet "Hoifoat" (around neck) {Acrobat rC+ SInv}
   (You acquired it on level 6 of the Dungeon)

   [amulet of the acrobat]

   It increases your evasion while moving and waiting.
   rC:        It protects you from cold.
   SInv:      It lets you see invisible.
 t - a ring of wizardry
 D - a ring of positive energy (left hand)
Wands
 A - a wand of mindburst (12)
 B - a wand of flame (18)
Scrolls
 h - 4 scrolls of vulnerability
 j - 7 scrolls of teleportation
 o - 6 scrolls of identify
 r - a scroll of poison
 z - 2 scrolls of fear
 C - a scroll of amnesia
Potions
 d - a potion of might
 l - a potion of attraction
 q - a potion of resistance
 v - a potion of flight
 x - a potion of invisibility
 E - a potion of brilliance {unknown}
 G - a potion of curing
 H - a potion of lignification {unknown}


   Skills:
 + Level 9.7 Fighting
 + Level 15.7 Axes
 + Level 7.2 Armour
 + Level 2.5 Dodging
 + Level 1.2 Stealth
 + Level 5.0 Shields
 - Level 6.0 Invocations


You had 10 spell levels left.
You didn't know any spells.
Your spell library contained the following spells:

 Spells                   Type           Power      Damage    Failure   Level
 Magic Dart               Conj           0%         1d3       77%         1
 Sandblast                Erth           0%         2d4       77%         1
 Sting                    Tmut/Pois      0%         1d3       77%         1
 Call Imp                 Summ           0%         N/A       88%         2
 Passwall                 Tmut/Erth      0%         N/A       88%         2
 Poisonous Vapours        Pois/Air       0%         N/A       88%         2
 Mephitic Cloud           Conj/Pois/Air  0%         N/A       98%         3
 Stone Arrow              Conj/Erth      0%         3d7       98%         3
 Tukima's Dance           Hex            0%         N/A       98%         3
 Olgreb's Toxic Radiance  Pois           0%         N/A       100%        4
 Passage of Golubria      Tloc           0%         N/A       100%        4
 Yara's Violent Unravell  Hex/Tmut       0%         3d3       100%        5


Dungeon Overview and Level Annotations

Branches:
Dungeon (7/15)             Temple (1/1) D:5

Altars:
Ashenzari
Cheibriados
Dithmenos
Elyvilon
Fedhas
Gozag
Hepliaklqana
Kikubaaqudgha
Makhleb
Nemelex Xobeh
Okawaru
Qazlal
Ru
Sif Muna
Trog
Uskayaw
Vehumet
Wu Jian
Xom
Yredelemnul
Zin

Annotations:
D:6 1 runed translucent door, EarthwalkerPL's ghost, novice MiFi


Message History

The seven-headed hydra bites you but does no damage.
The seven-headed hydra bites you!
The seven-headed hydra closely misses you.
The seven-headed hydra bites you but does no damage.
The seven-headed hydra bites you!
You slice the two-headed ogre!!
The two-headed ogre is severely wounded.
You hack one of the seven-headed hydra's heads off!
The six-headed hydra grows two more!
You slice the eight-headed hydra!!
The two-headed ogre hits you with a +0 giant club!
The two-headed ogre closely misses you.
Unknown command.
You slash the two-headed ogre!
The two-headed ogre is severely wounded.
You chop one of the eight-headed hydra's heads off!
The seven-headed hydra grows two more!
You slash the nine-headed hydra!
The nine-headed hydra bites you but does no damage.
The nine-headed hydra bites you.
The nine-headed hydra bites you but does no damage.
You block the nine-headed hydra's attack.
The nine-headed hydra bites you.
The nine-headed hydra bites you but does no damage.
The nine-headed hydra bites you!
* * * LOW HITPOINT WARNING * * *
The nine-headed hydra bites you!
* * * LOW HITPOINT WARNING * * *
The nine-headed hydra bites you.
* * * LOW HITPOINT WARNING * * *
As you read the scroll labelled VAROR BEURIAM, it crumbles to dust.
You feel aware of your surroundings.
It was a scroll of magic mapping.
Okay, then.
Unknown command.
You feel better.
The nine-headed hydra bites you but does no damage.
You block the nine-headed hydra's attack.
The nine-headed hydra bites you.
* * * LOW HITPOINT WARNING * * *
The nine-headed hydra barely misses you.
The nine-headed hydra bites you!
You die...

#.#.###.......### #..######.#
##.#.# #.#####...####..#......#
.....# #.##..###...##<.#.######
##.### #.##.#..###.....#.# ####
#.# ##.##.###..###.....## #...
#.# ##..##.#!###..####...####.##
#.# #...##....}###...###...##.##
#.###.#.##.#[###Oo###..###.....)
#.......##.###D@#####.#..###...#
#######.##.#..####..#..#...###..
######...##.†####....#.#...#..###
.........######..#####..#...#...#
######.#.####...†....#.#...#..###
######.#.##..#########.)#...#####
.......#.#.##.......[#.#..####..#
..######.#.####..#####..#####...#
..# #.##..####.....### ##...##


You could see a nine-headed hydra, a two-headed ogre and an orc wizard
(invisible).

Vanquished Creatures
  A deep elf pyromancer (D:7)
  An ugly thing (D:7)
  2 kobold demonologists (D:5)
  A komodo dragon (D:7)
  A slime creature (D:7)
  Sigmund (D:4)
  2 shadows
  A vampire (D:6)
  A wyvern (D:7)
  2 yaks (D:7)
  2 steam dragons
  A vampire mosquito (D:7)
  Edmund (D:6)
  An acid dragon (D:7)
  2 water moccasins
  An orc warrior (D:7)
  4 ice beasts
  4 black bears
  A sky beast (D:7)
  3 kobold brigands
  2 phantoms
  A gnoll sergeant (D:7)
  4 necrophages
  2 bullfrogs (D:7)
  6 scorpions
  5 wights
  A howler monkey (D:6)
  8 hounds
  2 jellies
  A gnoll bouda (D:6)
  6 iguanas
  4 orc wizards
  10 gnolls
  8 adders
  A shadow imp (D:5)
  2 white imps (D:7)
  2 ufetubi
  2 worms
  A dart slug (D:2)
  31 orcs
  8 ball pythons
  4 endoplasms
  4 giant cockroaches
  4 goblins
  6 hobgoblins
  10 jackals
  8 bats
  2 frilled lizards
  6 kobolds
  5 rats
189 creatures vanquished.

Vanquished Creatures (collateral kills)
  An ugly thing (D:7)
  A sky beast (D:7)
  A phantom (D:5)
  A bullfrog (D:7)
  A shadow imp (D:6)
  A white imp (D:7)
  An orc (D:5)
7 creatures vanquished.

Vanquished Creatures (others)
  An ancestor (D:7)
  6 plants
7 creatures vanquished.

Grand Total: 203 creatures vanquished

Notes
Turn   | Place    | Note
-------+----------+-------------------------------------------
     0 | D:1      | Eitelfritz the Hill Orc Fighter began the quest for the
                  | Orb.
     0 | D:1      | Reached XP level 1. HP: 19/19 MP: 1/1
   112 | D:1      | Reached XP level 2. HP: 27/27 MP: 2/2
   189 | D:1      | Found Beolayl's Magic Scroll Emporium.
   223 | D:1      | Reached skill level 3 in Axes
   465 | D:1      | Reached XP level 3. HP: 31/33 MP: 3/3
   674 | D:1      | Found a faded altar of an unknown god.
  1174 | D:2      | Reached XP level 4. HP: 40/40 MP: 4/4
  1453 | D:3      | Reached skill level 4 in Axes
  1467 | D:3      | Identified the +6 rapier of Vengeance {spect, Int+4 SInv}
  2362 | D:3      | Identified 3 scrolls of acquirement
  2362 | D:3      | Acquired the +8 mithril axe "Arga" {speed, Will+}
  2362 | D:3      | Found the +8 mithril axe "Arga" {speed, Will+}
  2504 | D:4      | You fall into a shaft and drop 2 floors!
  2509 | D:6      | Noticed Edmund
  2522 | D:6      | Reached skill level 1 in Dodging
  2522 | D:6      | Reached XP level 5. HP: 24/47 MP: 5/5
  2535 | D:6      | Killed Edmund
  2536 | D:6      | Reached skill level 5 in Axes
  2536 | D:6      | Reached XP level 6. HP: 45/55 MP: 6/6
  2550 | D:6      | Noticed an ice beast
  2557 | D:6      | Reached skill level 6 in Axes
  2568 | D:6      | Noticed a steam dragon
  2569 | D:6      | Killed an ice beast
  2570 | D:6      | Reached skill level 5 in Fighting
  2580 | D:5      | Entered Level 5 of the Dungeon
  2591 | D:5      | Reached XP level 7. HP: 45/61 MP: 7/7
  2682 | D:4      | Found a shimmering blue altar of Sif Muna.
  2683 | D:4      | Found a radiant altar of Vehumet.
  2683 | D:4      | Found a stormy altar of Qazlal.
  2693 | D:4      | Reached skill level 7 in Axes
  2787 | D:4      | Found a shimmering altar of Xom.
  2788 | D:4      | Found a sparkling altar of Nemelex Xobeh.
  2788 | D:4      | Found a glowing silver altar of Zin.
  2788 | D:4      | Noticed Sigmund
  2798 | D:4      | Found a blossoming altar of Fedhas.
  2800 | D:4      | Killed Sigmund
  2801 | D:4      | Reached skill level 8 in Axes
  2801 | D:4      | Reached skill level 5 in Armour
  2801 | D:4      | Found an opulent altar of Gozag.
  2801 | D:4      | Found a hazy altar of Hepliaklqana.
  2802 | D:4      | Found an iron altar of Okawaru.
  2809 | D:4      | Became a worshipper of Hepliaklqana the Forgotten
  2991 | D:4      | Reached skill level 1 in Invocations
  2991 | D:4      | Reached XP level 8. HP: 32/66 MP: 8/8
  3534 | D:4      | Reached skill level 9 in Axes
  3816 | D:5      | Found a white marble altar of Elyvilon.
  3902 | D:5      | Reached * piety under Hepliaklqana
  4235 | D:5      | Noticed a kobold demonologist
  4239 | D:5      | Noticed a kobold demonologist
  4249 | D:5      | Noticed a sun demon
  4249 | D:5      | Killed a kobold demonologist
  4250 | D:5      | Reached skill level 10 in Axes
  4250 | D:5      | Reached XP level 9. HP: 63/67 MP: 11/11
  4259 | D:5      | Killed a kobold demonologist
  4260 | D:5      | Reached skill level 11 in Axes
  4474 | D:5      | Found a staircase to the Ecumenical Temple.
  4631 | D:6      | Reached skill level 5 in Invocations
  4825 | D:6      | Reached skill level 12 in Axes
  4839 | Temple   | Entered the Ecumenical Temple
  5278 | D:6      | Found a runed translucent door.
  5278 | D:6      | Noticed EarthwalkerPL's ghost (novice MiFi)
  5640 | D:6      | Acquired 436 gold pieces
  5644 | D:6      | Acquired the amulet "Hoifoat" {Acrobat rC+ SInv}
  5670 | D:7      | Reached XP level 10. HP: 77/77 MP: 14/14
  5817 | D:7      | Reached skill level 13 in Axes
  6235 | D:7      | Noticed a green ugly thing
  6236 | D:7      | Noticed a green ugly thing
  6256 | D:7      | Killed a cyan ugly thing
  6257 | D:7      | Reached skill level 14 in Axes
  6261 | D:7      | Killed a green ugly thing
  6735 | D:7      | Reached skill level 1 in Stealth
  6794 | D:7      | Reached skill level 15 in Axes
  6850 | D:7      | Reached XP level 11. HP: 87/87 MP: 15/15
  6859 | D:7      | Reached skill level 5 in Shields
  6899 | D:7      | Noticed a two-headed ogre
  6899 | D:7      | Noticed a seven-headed hydra
  6899 | D:7      | Noticed a deep elf pyromancer
  6911 | D:7      | Killed a deep elf pyromancer
  6928 | D:7      | Slain by a nine-headed hydra

Illustrated notes

Levels and vault maps discovered:
D:1:      eino_arrival_tree_alley, layout_rooms, serial_shops,
          nicolae_shop_crystal, chequers_ecumenical_altar_grove, minmay_cut_off
D:2:      layout_basic, serial_bayou_pond_e
D:3:      layout_basic, grunt_decor_cap, minmay_shallow_snake_nest
D:4:      layout_cave_pods, nicolae_overflows_in_rows, uniq_sigmund
D:5:      layout_loops_cross, lemuel_round_altar,
          minmay_temple_entry_from_below_a
D:6:      minmay_cornered_nines, layout_rooms, gammafunk_ghost_grave,
          kennysheep_nub, uniq_edmund, uniq_crazy_yiuf_cottage
D:7:      minmay_the_grid_triangle_9x9_rhombus_full
          [minmay_the_grid_triangle_9x9_alien,
          minmay_the_grid_triangle_9x9_dagger,
          minmay_the_grid_triangle_9x9_descending_squares,
          minmay_the_grid_triangle_9x9_swiss_cheese,
          minmay_the_grid_triangle_9x9_sprig,
          minmay_the_grid_triangle_9x9_zippers_horizontal,
          minmay_the_grid_triangle_9x9_wacky_v,
          minmay_the_grid_triangle_9x9_prize_top_heavy], layout_loops_ring,
          minmay_shattered_shrine
Temple:   hellmonk_temple_flake

Skill      XL: |  1  2  3  4  5  6  7  8  9 10 11 |
---------------+----------------------------------+-----
Axes           | 3 4 5 6 8 10 12 15 | 15.7
Fighting       | 4 5 6 7 9 |  9.7
Armour         | 4 5 6 7 |  7.2
Dodging        | 1 2 |  2.5
Shields        | 4 5 |  5.0
Invocations    | 1 3 5 6 |  6.0
Stealth        | 1 |  1.2

Action                   |  1- 3 |  4- 6 |  7- 9 | 10-12 || total
-------------------------+-------+-------+-------+-------++-------
Melee: War axe           |    97 |    31 |       |       ||   128
       Broad axe         |       |    37 |   198 |   130 ||   365
  Use: Scroll            |       |    13 |     7 |     1 ||    21
       Potion            |       |     3 |       |     3 ||     6
 Stab: Distracted        |       |       |       |     1 ||     1
Armor: Scale mail        |    67 |    49 |    65 |    34 ||   215
Dodge: Dodged            |    70 |    38 |    68 |    50 ||   226
Block: Buckler           |    32 |    17 |    31 |    15 ||    95
